Map: Lightshade LE

Players

ForJumy

  • Race: Protoss Protoss

SortOf - Winner!

  • Race: Zerg Zerg

Event: DreamHack SC2 Masters 2021 Winter

VOD

Have the link to the VOD?

Description

Time

  • Played on: Oct. 1, 2021, 12:28 p.m.
  • Length: 11:20

All games in this series

Show
View Real Time Build Order
Export as new Build Order

ForJumy Protoss 

Build Orders: 1 Gate Expand, Oracle Opening, Chargelot Immortal 

Get SALT Encoding   

  12  0:00  Probe  
  13  0:12  Probe  
  14  0:19  Pylon  
  14  0:24  Probe  
  15  0:37  Probe (Chrono Boost)  
  15  0:41  Gateway  
  16  0:46  Probe (Chrono Boost)  
  17  0:50  Assimilator  
  17  0:51  Probe (Chrono Boost)  
  18  1:03  Probe  
  19  1:15  Probe  
  20  1:26  Nexus  
  20  1:36  Cybernetics Core  
  20  1:40  Probe  
  20  1:44  Assimilator  
  21  1:51  Pylon  
  21  1:55  Probe  
  22  2:07  Probe  
  23  2:09  Adept (Chrono Boost)  
  25  2:20  Stargate  
  25  2:22  Probe  
  26  2:31  Adept (Chrono Boost), Warp Gate  
  29  2:38  Probe x2 (Chrono Boost)  
  30  2:47  Probe (Chrono Boost)  
  30  2:49  Probe (Chrono Boost)  
  32  2:52  Probe (Chrono Boost)  
  32  2:56  Adept  
  32  2:58  Void Ray (Chrono Boost), Probe  
  36  3:12  Probe  
  41  3:21  Probe  
  41  3:24  Gateway, Probe  
  43  3:27  Pylon  
  43  3:33  Probe  
  44  3:36  Probe  
  45  3:45  Oracle  
  48  3:49  Probe  
  48  3:50  Probe  
  48  3:52  Twilight Council  
  47  4:05  Nexus  
  47  4:07  Pylon  
  47  4:10  Probe x2  
  49  4:20  Adept  
  49  4:21  Robotics Facility  
  49  4:23  Adept  
  53  4:29  Shield Battery  
  53  4:33  Probe  
  53  4:34  Charge (Chrono Boost)  
  54  4:39  Gateway  
  54  4:42  Probe  
  55  4:50  Gateway x2  
  55  4:53  Probe  
  55  4:55  Probe  
  57  5:03  Gateway  
  57  5:04  Gateway  
  57  5:12  Warp Prism  
  58  5:28  Gateway  
  58  5:30  Gateway  
  58  5:32  Sentry x2  
  58  5:34  Probe  
  63  5:39  Sentry  
  65  5:54  Probe  
  65  5:55  Assimilator  
  66  6:12  Zealot x5  
  66  6:14  Pylon  
  66  6:15  Pylon  
  66  6:16  Pylon  
  66  6:17  Pylon  
  76  6:31  Zealot  
  74  6:33  Zealot x7  
  84  6:45  Zealot  
  80  6:53  Immortal (Chrono Boost)  
  82  6:54  Zealot x4  
  82  6:55  Zealot x2  
  94  7:06  Zealot x2  
  94  7:07  Probe  
  83  7:15  Zealot x5  
  85  7:20  Zealot  
  75  7:29  Immortal (Chrono Boost)  
  65  7:45  Zealot x5, Sentry x3  
  79  7:54  Warp Prism (Chrono Boost)  
  81  7:59  Zealot  
  77  8:08  Zealot x4  
  77  8:09  Zealot  
  87  8:12  Zealot x2  
  87  8:17  Zealot  
  93  8:21  Sentry  
  95  8:33  Pylon  
  95  8:39  Zealot x6  
  107  8:51  Immortal (Chrono Boost)  
  109  9:07  Zealot x4  
  117  9:11  Pylon  
  111  9:18  Zealot x5  
  86  9:27  Zealot x4  
  64  9:39  Immortal (Chrono Boost)  
  64  9:43  Zealot x5  
  76  9:48  Probe  
  75  9:54  Zealot x4  
  83  10:06  Sentry x2  
  87  10:07  Zealot x3  
  93  10:17  Zealot x4  
  93  10:19  Phoenix (Chrono Boost)  
  101  10:22  Probe  
  92  10:30  Zealot x3  
  98  10:35  Phoenix  
  100  10:45  Zealot x5  
  94  11:00  Zealot x4  
  92  11:09  Zealot x5  
Show
View Real Time Build Order
Export as new Build Order

SortOf Zerg - Winner!

Build Orders: Hatch First 

Get SALT Encoding   

  12  0:00  Drone  
  13  0:12  Overlord  
  13  0:16  Drone  
  14  0:31  Drone x2  
  16  0:39  Drone  
  17  0:51  Hatchery  
  17  0:55  Drone  
  17  0:58  Drone  
  18  1:11  Extractor  
  18  1:13  Spawning Pool  
  18  1:16  Drone  
  17  1:19  Drone  
  18  1:28  Drone  
  19  1:38  Drone  
  20  1:49  Overlord  
  20  2:00  Queen  
  22  2:03  Drone, Queen  
  22  2:04  Zergling x2  
  26  2:15  Drone, Metabolic Boost, Zergling x2  
  28  2:24  Drone  
  28  2:26  Drone  
  30  2:36  Queen  
  32  2:44  Zergling x2, Hatchery  
  32  2:47  Overlord  
  32  2:49  Drone  
  33  2:52  Drone  
  33  2:57  Zergling x2  
  35  2:58  Drone  
  35  3:05  Queen  
  38  3:08  Zergling x2  
  38  3:12  Drone  
  40  3:17  Drone  
  40  3:19  Drone x3  
  44  3:27  Spore Crawler  
  44  3:31  Overlord  
  43  3:35  Overlord  
  43  3:38  Queen, Extractor  
  45  3:42  Overlord  
  45  3:53  Drone x3  
  46  3:58  Drone x7  
  46  4:02  Queen  
  55  4:03  Drone  
  55  4:06  Drone x2  
  58  4:13  Spore Crawler  
  58  4:14  Drone  
  58  4:18  Zergling x4  
  60  4:26  Drone x5  
  60  4:28  Zergling x2  
  66  4:32  Roach Warren, Extractor  
  66  4:33  Drone x2  
  66  4:34  Overlord  
  66  4:44  Overlord  
  65  4:47  Lair  
  65  4:48  Drone  
  65  4:51  Overlord  
  65  4:55  Overlord  
  65  4:56  Drone x5, Extractor  
  65  4:59  Queen  
  71  5:03  Spore Crawler  
  71  5:04  Overlord  
  70  5:08  Drone x3  
  70  5:12  Drone x3  
  76  5:15  Drone x2  
  76  5:19  Drone x5  
  82  5:23  Drone, Evolution Chamber  
  82  5:26  Extractor x2  
  79  5:30  Drone x4  
  79  5:33  Extractor  
  85  5:35  Drone x3  
  85  5:46  Spire, Hatchery  
  85  5:48  Zergling x6  
  86  5:50  Overlord  
  86  5:59  Overlord  
  86  6:02  Queen x2  
  89  6:08  Zerg Missile Weapons Level 1  
  89  6:10  Overlord  
  89  6:13  Roach x4  
  89  6:17  Roach x5  
  108  6:23  Roach x2  
  111  6:27  Roach  
  111  6:28  Roach  
  112  6:34  Roach x4  
  115  6:40  Roach x2  
  115  6:44  Ravager x2  
  115  6:45  Ravager  
  115  6:46  Zergling x4  
  119  6:49  Roach  
  105  7:14  Overlord  
  105  7:15  Zergling x20  
  105  7:16  Roach Warren  
  105  7:18  Spire  
  105  7:20  Drone x4  
  99  7:23  Zergling x6  
  99  7:27  Zergling x2  
  99  7:28  Zergling x4  
  96  7:37  Spire  
  96  7:39  Drone x3  
  96  7:40  Drone  
  96  7:41  Drone  
  99  7:47  Drone  
  99  7:48  Drone x3  
  103  7:52  Drone x5  
  107  8:01  Drone x3  
  107  8:02  Drone  
  110  8:06  Spore Crawler  
  110  8:07  Extractor, Glial Reconstitution  
  110  8:08  Zerg Missile Weapons Level 2  
  110  8:09  Roach  
  110  8:14  Drone x3  
  110  8:16  Roach  
  115  8:24  Roach x7  
  115  8:26  Roach  
  127  8:28  Overlord  
  127  8:30  Roach  
  127  8:31  Overlord  
  127  8:33  Roach  
  130  8:37  Roach x3  
  130  8:40  Ravager  
  133  8:42  Roach, Overlord  
  133  8:47  Roach x5  
  143  8:54  Roach x5  
  145  9:00  Roach x2  
  145  9:02  Ravager x3  
  152  9:03  Ravager  
  152  9:09  Roach x3  
  144  9:18  Roach x4  
  144  9:21  Roach  
  144  9:23  Queen x2  
  140  9:27  Roach  
  140  9:30  Queen, Roach  
  125  9:39  Roach x2  
  137  9:45  Roach x4  
  137  9:55  Mutalisk  
  137  9:58  Queen  
  137  9:59  Hatchery  
  139  10:03  Zergling x10  
  142  10:10  Extractor  
  142  10:11  Mutalisk x2  
  142  10:14  Queen  
  145  10:26  Mutalisk  
  146  10:32  Zergling x14  
  146  10:33  Overlord  
  153  10:36  Overlord  
  153  10:37  Baneling Nest, Overlord x2  
  152  10:45  Overlord  
  151  10:53  Roach x7  
  156  10:59  Roach  

Tags
 
Add a new tag
Caveats
  • Supply blocks, unpowered buildings, or Contaminate may cause inaccurate times.
  • Supply counts are checked every 10 seconds.